 Dungeon Crawl Stone Soup version 0.23.0 (webtiles) character file.

Game seed: 1769538424813330391

48 Borgoz the Sneak (level 4, 0/27 HPs)
             Began as a Kobold Assassin on Feb 16, 2019.
             Slain by a goblin
             ... wielding a +0 dagger
             ... led by Robin
              (1 damage)
             ... on level 2 of the Dungeon.
             The game lasted 00:02:32 (1731 turns).

Borgoz the Sneak (Kobold Assassin)                  Turns: 1731, Time: 00:02:33

Health: 0/27       AC:  3    Str:  8    XL:     4   Next: 0%
Magic:  4/4        EV: 15    Int: 12    God:
Gold:   34         SH:  0    Dex: 17    Spells: 3/3 levels left

rFire    . . .     SeeInvis .   a - +2 dagger
rCold    . . .     Gourm    .   (shield restricted)
rNeg     . . .     Faith    .   c - +0 robe
rPois    .         Spirit   .   (no helmet)
rElec    .         Reflect  .   d - +0 cloak
rCorr    .         Harm     .   (no gloves)
MR       .....                  (no boots)
Stlth    +++.......             (no amulet)
HPRegen  0.09/turn              (no ring)
MPRegen  0.09/turn              (no ring)

@: lethally poisoned (0 -> -15), about to teleport
A: small, carnivore
a: no special abilities


You were on level 2 of the Dungeon.
You were full.

You visited 1 branch of the dungeon, and saw 2 of its levels.

You collected 34 gold pieces.

Inventory:

Hand Weapons
 a - a +2 dagger (weapon)
 b - a +0 blowgun
Missiles
 e - 10 poisoned needles
 f - 2 curare-tipped needles
Armour
 c - a +0 robe (worn)
 d - a +0 cloak (worn)
Jewellery
 q - an uncursed ring of stealth {unknown}
Scrolls
 i - a scroll of enchant weapon {unknown}
 j - a scroll of fog {unknown}
 l - a scroll of immolation {unknown}
 m - a scroll of remove curse {unknown}
 o - a scroll of fear {unknown}
 r - 2 scrolls of identify {unknown}
Potions
 k - a potion of haste {unknown}
 n - a potion of agility {unknown}
 p - a potion of lignification {unknown}
Comestibles
 g - 3 rations


   Skills:
 + Level 2.9 Fighting
 + Level 3.4 Short Blades
 - Level 2.1 Throwing
 + Level 2.2 Dodging
 + Level 5.9 Stealth


You had 3 spell levels left.
You didn't know any spells.
Your spell library was empty.

Dungeon Overview and Level Annotations

Branches:
Dungeon (2/15)

Altars:

Annotations:
D:2 Robin


Innate Abilities, Weirdness & Mutations

You are small and have problems with some larger weapons.
You are carnivorous and can eat meat at any time.


Message History

Robin roars a battlecry!
The goblins go into a battle-frenzy!
The goblin barely misses you.
You hear a shout!
You hit the goblin but do no damage.
You feel sick. The goblin hits you with a +0 dagger.
* * * LOW HITPOINT WARNING * * *
Robin roars a battlecry!
A goblin comes into view. It is wielding a -3 club.
You hit the goblin but do no damage.
* * * LOW HITPOINT WARNING * * *
You feel sick. The goblin hits you but does no damage.
The goblin hits you with a +0 dagger.
* * * LOW HITPOINT WARNING * * *
Unknown command.
As you read the scroll labeled PAGEHE XUEG, it crumbles to dust.
You feel strangely unstable.
It was a scroll of teleportation.
* * * LOW HITPOINT WARNING * * *
You feel sick. The goblin hits you with a +0 dagger.
You die...

.#.....#.######.
...............)####.#
.....................#
........########g#####
...†....# #g#... ........#
#g#.# # ........#
#gg.####.# ........#
#g#......# ........#
#@#...##.+ <.......#
#g#......# .....#'##
#.#.#.##.#
####.#.#########.#.#.# #
#..<#...........#.#........
#.###############.#.#...###
#.................#.#####
###################.# ..#


You could see Robin, 2 hobgoblins and 4 goblins.

Vanquished Creatures
  An adder (D:2)
  An ooze (D:1)
  2 dart slugs (D:1)
  A leopard gecko (D:1)
  5 goblins
  7 hobgoblins
  A bat (D:1)
  7 kobolds (D:1)
  4 rats
29 creatures vanquished.

Notes
Turn   | Place    | Note
-------+----------+-------------------------------------------
     0 | D:1      | Borgoz the Kobold Assassin began the quest for the Orb.
     0 | D:1      | Reached XP level 1. HP: 12/12 MP: 1/1
    30 | D:1      | Reached XP level 2. HP: 10/18 MP: 2/2
   518 | D:1      | Reached XP level 3. HP: 12/22 MP: 3/3
  1705 | D:2      | Noticed Robin
  1727 | D:2      | Reached XP level 4. HP: 12/27 MP: 4/4
  1731 | D:2      | HP: 1/27 [poisoned by a goblin]
  1731 | D:2      | Slain by a goblin

Skill      XL: |  1  2  3 |
---------------+----------+-----
Short Blades   | 3 |  3.4
Dodging        | 2 |  2.2
Fighting       | |  2.9
Throwing       | |  2.1
Stealth        | |  5.9

Action                   |  1- 3 |  4- 6 || total
-------------------------+-------+-------++-------
Melee: Dagger            |   146 |     3 ||   149
 Fire: Blowgun           |     1 |       ||     1
  Use: Scroll            |       |     1 ||     1
 Stab: Sleeping          |     2 |       ||     2
  Eat: Chunk             |     8 |       ||     8
Armor: Robe              |    18 |     2 ||    20
Dodge: Dodged            |    81 |     2 ||    83
